 Dungeon Crawl Stone Soup version 0.31-a0-544-gceb718ecc6 (webtiles) character file.

Game seed: 458188559998734857

212 Demosthentine the Ducker (level 5, -2/41 HPs)
             Began as a Demonspawn Gladiator on Aug 15, 2023.
             Slain by a water moccasin (7 damage)
             ... on level 3 of the Dungeon.
             The game lasted 00:03:12 (2680 turns).

Demosthentine the Ducker (Demonspawn Gladiator)     Turns: 2680, Time: 00:03:13

Health: -2/41      AC:  5    Str: 16    XL:     5   Next: 58%
Magic:  5/5        EV: 13    Int:  9    God:
Gold:   142        SH:  0    Dex: 15    Spells: 4/4 levels left

rFire   . . .        a - +0 trident
rCold   . . .        (no shield)
rNeg    . . .        b - +0 leather armour
rPois   .            (helmet restricted)
rElec   .            l - +1 cloak
rCorr   .            (no gloves)
SInv    .            (no boots)
Will    .....        (no amulet)
Stlth   +            (no ring)
HPRegen 0.26/turn    (no ring)
MPRegen 0.09/turn

%: no passive effects
@: no status effects
A: antennae 1
a: no special abilities


You were on level 3 of the Dungeon.
You visited 1 branch of the dungeon, and saw 4 of its levels.

You collected 142 gold pieces.

Inventory:

Hand Weapons
 a - a +0 trident (weapon)
Missiles
 e - a javelin
Armour
 b - a +0 leather armour (worn)
 l - a +1 cloak (worn)
Jewellery
 f - a +4 ring of protection
 j - a ring of positive energy
Scrolls
 g - 4 scrolls of teleportation
 k - a scroll of poison
 m - a scroll of enchant armour
Potions
 h - a potion of curing {unknown}
 i - a potion of haste {unknown}


   Skills:
 + Level 3.4 Fighting
 + Level 3.6 Polearms
 - Level 1.7 Throwing
 + Level 2.2 Armour
 + Level 3.6 Dodging


You had 4 spell levels left.
You didn't know any spells.
Your spell library contained the following spells:

 Spells                   Type           Power      Damage    Failure   Level
 Sandblast                Erth           0%         2d4       45%         1
 Passwall                 Tmut/Erth      0%         N/A       58%         2
 Stone Arrow              Conj/Erth      0%         3d7       83%         3
 Vhi's Electric Charge    Tloc/Air       0%         N/A       83%         3
 Animate Armour           Summ/Erth      0%         N/A       99%         4
 Arcjolt                  Conj/Air       0%         1d10      100%        5
 Lehudib's Crystal Spear  Conj/Erth      0%         10d2      100%        8
 Maxwell's Capacitive Co  Air            0%         ∞         100%        8
 Chain Lightning          Conj/Air       0%         N/A       100%        9
 Fire Storm               Conj/Fire      0%         5d1       100%        9
 Shatter                  Erth           0%         3d5*      100%        9


Dungeon Overview and Level Annotations

Branches:
Dungeon (4/15)
 Temple: D:4-7

Altars:
Ashenzari

Annotations:
D:4 Sigmund


Innate Abilities, Weirdness & Mutations

You have a pair of small antennae on your head.


Message History

You are too injured to fight recklessly!
You hit the water moccasin.
The water moccasin is lightly wounded.
You feel sick. The water moccasin bites you.
You hit the water moccasin.
The water moccasin is lightly wounded.
You feel sick. The water moccasin barely misses you.
The water moccasin bites you but does no damage.
You closely miss the water moccasin.
You feel sick. The water moccasin bites you.
* * * LOW HITPOINT WARNING * * *
The water moccasin completely misses you.
You closely miss the water moccasin.
You feel sick. The water moccasin closely misses you.
You barely miss the water moccasin. Your punch misses the water moccasin.
You feel sick.
The water moccasin bites you but does no damage.
The water moccasin barely misses you.
You puncture the water moccasin!
The water moccasin is moderately wounded.
You feel sick.
You are no longer poisoned.
The water moccasin bites you but does no damage.
You closely miss the water moccasin.
The water moccasin is moderately wounded.
The water moccasin closely misses you. x2
You hit the water moccasin.
The water moccasin is heavily wounded.
The water moccasin bites you but does no damage.
You hit the water moccasin but do no damage.
The water moccasin is heavily wounded.
The water moccasin closely misses you. The water moccasin bites you.
* * * LOW HITPOINT WARNING * * *
You hit the water moccasin.
The water moccasin is severely wounded.
The water moccasin barely misses you.
You puncture the water moccasin!
The water moccasin is almost dead.
The water moccasin bites you!
You die...

# #.......#............(.#
## #......##....#########.#
.# #......#.....#########.#
.###......#[..............#
..##......#..........####.#
..##......##+#.......##...#
...'......##.#.......#..###
..##......##.#.(..........#
######.#####...#@.........#
#.#######.#S##.......# ###
#.#.......#..........# ..#
#.#.......###........#
#.####.#.......†..........#
.......#.......####.......#
.....###.......# #.......#
.....# #.......# #.......#
.....# #.......# #.......#


You could see a water moccasin.

Vanquished Creatures
  Blork the orc (D:4)
  6 adders
  An ufetubus (D:4)
  2 worms (D:3)
  A dart slug (D:2)
  10 ball pythons
  6 bats
  12 endoplasms
  10 giant cockroaches
  3 goblins
  6 hobgoblins
  2 jackals (D:2)
  5 kobolds
  2 quokkas
  2 frilled lizards
  2 rats (D:1)
71 creatures vanquished.

Notes
Turn   | Place    | Note
-------+----------+-------------------------------------------
     0 | D:1      | Demosthentine the Demonspawn Gladiator began the quest for
                  | the Orb.
     0 | D:1      | Reached XP level 1. HP: 16/16 MP: 1/1
   119 | D:1      | Gained mutation: You have a pair of small antennae on your
                  | head. [demonic ancestry]
   119 | D:1      | Reached XP level 2. HP: 22/22 MP: 2/2
   938 | D:2      | Reached skill level 1 in Armour
   951 | D:2      | Reached XP level 3. HP: 24/28 MP: 3/3
  1252 | D:2      | Reached XP level 4. HP: 34/34 MP: 4/4
  2015 | D:3      | Found a broken altar of Ashenzari.
  2349 | D:4      | Reached XP level 5. HP: 41/41 MP: 5/5
  2421 | D:4      | Noticed Blork the orc
  2426 | D:4      | Noticed Sigmund
  2442 | D:4      | Killed Blork the orc
  2649 | D:4      | Noticed a water moccasin
  2680 | D:3      | Slain by a water moccasin

Illustrated notes

Levels and vault maps discovered:
D:1:      minmay_arrival_arboretum_small, layout_basic
D:2:      layout_basic, minmay_worlds_worst_comb
D:3:      layout_basic, ashenzari_conservatory_becter
D:4:      layout_basic, uniq_edmund, uniq_blork_the_orc, uniq_sigmund

Skill      XL: |  1  2  3  4  5 |
---------------+----------------+-----
Armour         | 1 2 |  2.2
Dodging        | 3 |  3.6
Polearms       | 3 |  3.6
Fighting       | 3 |  3.4
Throwing       | |  1.7

Action                     |  1- 3 |  4- 6 || total
---------------------------+-------+-------++-------
  Melee: Trident           |   111 |   139 ||   250
         Punch             |     1 |       ||     1
  Throw: Throwing net      |       |     3 ||     3
    Use: Scroll            |     6 |     3 ||     9
   Stab: Sleeping          |     3 |     1 ||     4
 Armour: Leather armour    |    39 |    52 ||    91
  Dodge: Dodged            |    61 |   114 ||   175

Table legend: (Time is in decaauts)
 A = Elapsed time spent in this place.
 B = Non-inter-level travel time spent in this place.
 C = Inter-level travel time spent in this place.
 D = Time resting spent in this place.
 E = Time spent auto-exploring this place.
 F = Levels seen in this place.
 G = Mean time per level.
                   A        B        C        D        E       F      G
               +--------+--------+--------+--------+--------+-----+--------+
         Total |   2716 |   2614 |    102 |    143 |   1856 |   4 |  679.0 |
       Dungeon |   2716 |   2614 |    102 |    143 |   1856 |   4 |  679.0 |
               +--------+--------+--------+--------+--------+-----+--------+

Top non-repeatable levels by time:
     D:1: 915 daAuts
     D:3: 884 daAuts
     D:2: 736 daAuts
     D:4: 180 daAuts
